 Dungeon Crawl Stone Soup version 0.29-a0-106-g0a07039d5a (webtiles) character file.

Game seed: 926981229007590434

298 kae the Insei (level 6, -2/50 HPs)
             Began as a Draconian Transmuter on Feb 16, 2022.
             Slain by Grinder (9 damage)
             ... on level 3 of the Dungeon.
             The game lasted 00:02:30 (2914 turns).

kae the Insei (Draconian Transmuter)                Turns: 2914, Time: 00:02:30

Health: -2/50      AC:  2    Str: 12    XL:     6   Next: 13%
Magic:  1/10       EV: 19    Int: 15    God:
Gold:   177        SH:  0    Dex: 17    Spells: 2/10 levels left

rFire   . . .      SeeInvis .     - Unarmed
rCold   . . .      Faith    .   (shield currently unavailable)
rNeg    . . .      Spirit   .   (armour unavailable)
rPois   x          Reflect  .   (helmet currently unavailable)
rElec   .          Harm     .   (cloak currently unavailable)
rCorr   +          Rampage  .   (gloves currently unavailable)
Will    .....                   (boots currently unavailable)
Stlth   ++........              (no amulet)
HPRegen 0.16/turn               b - ring of resist corrosion
MPRegen 0.12/turn               (no ring)

@: spider-form, very slightly contaminated
A: venomous fangs, AC +6, tiny, unfitting armour, (cold-blooded)
a: End Transformation


You were on level 3 of the Dungeon.
You were a venomous arachnid creature.
You visited 1 branch of the dungeon, and saw 3 of its levels.

You collected 177 gold pieces.

Inventory:

Jewellery
 b - a ring of resist corrosion (left front leg)
Scrolls
 a - a scroll of noise
 c - a scroll of blinking {unknown}
 g - 2 scrolls of identify
 i - a scroll of magic mapping {unknown}
Potions
 d - a potion of haste {unknown}
 e - a potion of mutation
 f - a potion of ambrosia {unknown}
 h - a potion of lignification {unknown}
 j - a potion of brilliance {unknown}


   Skills:
 + Level 2.5 Fighting
 + Level 2.5 Dodging
 * Level 4.2 Unarmed Combat
 + Level 2.7 Spellcasting
 * Level 3.5 Transmutations
 * Level 0.0 Ice Magic
 - Level 2.0 Poison Magic


You had 2 spell levels left.
You knew the following spells:

 Your Spells              Type           Power      Damage    Failure   Level
a - Beastly Appendage     Tmut           24%        N/A       14%         1
b - Spider Form           Tmut/Pois      10%        N/A       41%         3
c - Ice Form              Ice/Tmut       7%         N/A       85%         4

Your spell library contained the following spells:

 Spells                   Type           Power      Damage    Failure   Level
 Wereblood                Tmut           12%        N/A       19%         2
 Sublimation of Blood     Necr           2%         N/A       52%         2
 Petrify                  Tmut/Erth      7%         N/A       86%         4
 Irradiate                Conj/Tmut      3%         3d14      99%         5


Dungeon Overview and Level Annotations

Branches:
Dungeon (3/15)

Altars:

Shops:
D:2 [

Annotations:
D:3 Grinder


Innate Abilities, Weirdness & Mutations

You are a venomous arachnid creature.
You have poisonous fangs.
You are tiny and dextrous.
Your spellcasting is less reliable in this form.
Your armour is entirely melded.
You are incapable of wielding weapons or throwing items.
((Your plain brown scales are hard. (AC +6)))
You cannot fit into any form of body armour.
((You are cold-blooded and may be slowed by cold attacks.))


Message History

Grinder gestures at you.
You suddenly lose the ability to move!
Grinder gestures at you. You resist with significant effort.
Grinder looks more healthy.
Grinder barely misses you.
You can move again.
Unknown command.
Unknown command.
Casting: Spider Form (dangerous; 21% risk of failure)
Confirm with . or Enter, or press ? or * to list all spells.
You miscast Spider Form.
You are very lightly contaminated with residual magic.
Your limbs ache and wobble like jelly.
Grinder gestures at you. You resist with significant effort.
Casting: Spider Form (dangerous; 21% risk of failure)
Confirm with . or Enter, or press ? or * to list all spells.
You miscast Spider Form.
Nothing appears to happen.
Grinder misses you.
Casting: Spider Form (dangerous; 21% risk of failure)
Confirm with . or Enter, or press ? or * to list all spells.
You turn into a venomous arachnid creature.
Grinder closely misses you. Grinder barely misses you.
You hit Grinder.
Grinder is poisoned.
Grinder is moderately wounded.
Grinder hits you!
You writhe in agony.
You hit Grinder.
Grinder is moderately wounded.
Grinder hits you.
You writhe in agony.
You hit Grinder.
Grinder is heavily wounded.
Grinder hits you!
* * * LOW HITPOINT WARNING * * *
You writhe in agony.
* * * LOW HITPOINT WARNING * * *
You hit Grinder.
Grinder is heavily wounded.
Grinder hits you!
You die...

#.# .... ..# #.#### #.#
.#.## ### ### #.# #.#
..# #.# #.# #.# #.#
#.#### ###.# #..... ...#
##.####
#######.##########...###
......5s...............#
#######..#########...#..
##.#.## #..#### #...#.#
##...... ##...##
#....... #..## #....###
#..# #..#.# #..#
#..#.### #..# #..#.##.


You could see Grinder (poisoned).

Vanquished Creatures
  Sigmund (D:3)
  Terence (D:3)
  Natasha (twice) (D:3)
  An adder (D:3)
  A shadow imp (D:3)
  An orc (D:3)
  5 endoplasms
  5 giant cockroaches
  7 goblins
  4 hobgoblins
  4 jackals (D:1)
  2 kobolds (D:1)
  2 quokkas (D:1)
  6 ball pythons
  3 bats
  A frilled lizard (D:1)
46 creatures vanquished.

Notes
Turn   | Place    | Note
-------+----------+-------------------------------------------
     0 | D:1      | kae the Draconian Transmuter began the quest for the Orb.
     0 | D:1      | Reached XP level 1. HP: 16/16 MP: 3/3
   339 | D:1      | Reached XP level 2. HP: 19/23 MP: 3/5
   955 | D:1      | Reached XP level 3. HP: 25/28 MP: 4/6
   960 | D:1      | Learned a level 3 spell: Spider Form
  1519 | D:2      | Found Ycufeef's Armour Boutique.
  1856 | D:3      | Noticed Terence
  1867 | D:3      | Killed Terence
  1867 | D:3      | Noticed Natasha
  1868 | D:3      | Reached XP level 4. HP: 31/36 MP: 4/7
  1954 | D:3      | Killed Natasha
  1955 | D:3      | Reached skill level 1 in Poison Magic
  2240 | D:3      | Noticed Sigmund
  2255 | D:3      | Killed Sigmund
  2256 | D:3      | Reached skill level 4 in Unarmed Combat
  2256 | D:3      | Reached XP level 5. HP: 31/42 MP: 5/9
  2593 | D:3      | Noticed Natasha
  2604 | D:3      | Killed Natasha
  2605 | D:3      | Reached XP level 6. HP: 31/50 MP: 10/10
  2611 | D:3      | Learned a level 4 spell: Ice Form
  2885 | D:3      | Noticed Grinder
  2894 | D:3      | Paralysed by Grinder for 5 turns
  2902 | D:3      | Paralysed by Grinder for 5 turns
  2914 | D:3      | Slain by Grinder

Illustrated notes

Levels and vault maps discovered:
D:1:      amcnicky_arrival_gap_in_the_tavern_cellar, layout_loops_ring,
          minmay_split_cup_small
D:2:      layout_loops_ring, serial_shops, shop, minmay_misc_feat_diagonals,
          kennysheep_small_spiral, minivault_23, minivault_24
D:3:      layout_loops_ring, minmay_puff, uniq_sigmund, uniq_terence,
          uniq_grinder, uniq_natasha

Skill      XL: |  1  2  3  4 |
---------------+-------------+-----
Dodging        | 2 |  2.5
Fighting       | 2 |  2.5
Poison Magic   | 2 |  2.0
Unarmed Combat | 4 |  4.2
Transmutations | 3 |  3.5
Spellcasting   | |  2.7

Action                   |  1- 3 |  4- 6 || total
-------------------------+-------+-------++-------
Melee: Unarmed           |    94 |    45 ||   139
       Kick              |    16 |     6 ||    22
       Headbutt          |     5 |     4 ||     9
       Tailslap          |     7 |     3 ||    10
       Punch             |     3 |       ||     3
 Cast: Beastly Appendage |    24 |     7 ||    31
       Spider Form       |     1 |     4 ||     5
  Use: Scroll            |     3 |     2 ||     5
       Potion            |       |     1 ||     1
Armor: Skin              |    28 |     5 ||    33
Dodge: Dodged            |    76 |    40 ||   116

Table legend: (Time is in decaauts)
 A = Elapsed time spent in this place.
 B = Non-inter-level travel time spent in this place.
 C = Inter-level travel time spent in this place.
 D = Time resting spent in this place.
 E = Time spent auto-exploring this place.
 F = Levels seen in this place.
 G = Mean time per level.
                   A        B        C        D        E       F      G
               +--------+--------+--------+--------+--------+-----+--------+
         Total |   2914 |   2897 |     17 |    344 |   2086 |   3 |  971.3 |
       Dungeon |   2914 |   2897 |     17 |    344 |   2086 |   3 |  971.3 |
               +--------+--------+--------+--------+--------+-----+--------+

Top non-repeatable levels by time:
     D:1: 1241 daAuts
     D:3: 984 daAuts
     D:2: 689 daAuts
